 Dungeon Crawl Stone Soup version 0.31-a0-1338-gb567cfdca4 (webtiles) character file.

Game seed: 10260549919405204651

235 mdonais the Trooper (level 6, -5/67 HPs)
             Began as an Oni Warper on Dec 22, 2023.
             Killed from afar by an orc wizard (11 damage)
             ... with a puff of flame
             ... on level 4 of the Dungeon.
             The game lasted 00:09:17 (2392 turns).

mdonais the Trooper (Oni Warper)                    Turns: 2392, Time: 00:09:17

Health: -5/67      AC:  3    Str: 16    XL:     6   Next: 5%
Magic:  9/9        EV: 10    Int: 14    God:
Gold:   98         SH:  0    Dex: 10    Spells: 4/9 levels left

rFire   . . .        a - +0 mace (drain)
rCold   . . .        (no shield)
rNeg    . . .        b - +0 robe
rPois   .            (helmet restricted)
rElec   .            (no cloak)
rCorr   .            (gloves unavailable)
SInv    .            (boots unavailable)
Will    .....        (no amulet)
Stlth   +            (no ring)
HPRegen 0.31/turn    (no ring)
MPRegen 0.11/turn

%: no passive effects
@: lethally poisoned (-5 -> -6), studying Stealth
A: drunken brawling, large, unfitting armour, horns 1, tough skin 1, double
potion healing
a: no special abilities


You were on level 4 of the Dungeon.
You visited 1 branch of the dungeon, and saw 4 of its levels.

You collected 146 gold pieces.
You spent 48 gold pieces at shops.

Inventory:

Hand Weapons
 a - a +0 mace of draining (weapon)
   (You found it on level 2 of the Dungeon)
 i - a +0 sling
   (You found it on level 1 of the Dungeon)
Missiles
 w - 4 large rocks (quivered)
 K - 7 darts of dispersal
Armour
 b - a +0 robe (worn)
Jewellery
 n - a ring of fire
   (You found it on level 3 of the Dungeon)
Scrolls
 c - 2 scrolls of fear {unknown}
 e - 3 scrolls of noise {unknown}
 g - a scroll of poison
 h - a scroll of enchant armour {unknown}
 k - a scroll of teleportation {unknown}
 o - a scroll of immolation {unknown}
 p - a scroll of revelation {unknown}
 B - a scroll of blinking
 R - a scroll of identify
Potions
 d - 2 potions of enlightenment {unknown}
 f - 3 potions of mutation {unknown}
 j - a potion of invisibility
 l - a potion of ambrosia {unknown}
 m - a potion of degeneration
 H - 2 potions of haste
 Q - 3 potions of curing


   Skills:
 * Level 6.2 Fighting
 + Level 4.1 Maces & Flails
 - Level 1.0 Throwing
 - Level 2.1 Dodging
 - Level 2.4 Spellcasting
 - Level 3.0 Translocations


You had 4 spell levels left.
You knew the following spells:

 Your Spells              Type           Power      Damage    Failure   Level
a - Blink                 Tloc           20%        N/A       10%         2
b - Teleport Other        Tloc           10%        N/A       21%         3

Your spell library contained the following spells:

 Spells                   Type           Power      Damage    Failure   Level
 Lesser Beckoning         Tloc           20%        N/A       10%         2
 Sting                    Conj/Alch      4%         1d3       22%         1
 Mercury Vapours          Alch/Air       2%         N/A       34%         2
 Manifold Assault         Tloc           10%        N/A       54%         4
 Inner Flame              Hex/Fire       1%         N/A       56%         3
 Mephitic Cloud           Conj/Alch/Air  1%         N/A       56%         3
 Vhi's Electric Charge    Tloc/Air       10%        N/A       77%         4
 Olgreb's Toxic Radiance  Alch           1%         N/A       92%         4
 Freezing Cloud           Conj/Ice/Air   0%         6-21      99%         5
 Irradiate                Conj/Alch      0%         3d11      99%         5
 Ignition                 Fire           0%         3d3       100%        8


Dungeon Overview and Level Annotations

Branches:
Dungeon (4/15) Zot: 21564
 Temple: D:4-7

Altars:

Shops:
D:3 :([*(


Innate Abilities, Weirdness & Mutations

Whenever you drink a potion that restores your health or magic, you attack all enemies around you.
You are too large for most types of armour.
You have a pair of small horns on your head.
You have tough skin. (AC +1)
Whenever you drink a potion that restores your health or magic, it restores twice as much.


Message History

The gnoll shouts!
You thump the gnoll! You headbutt the gnoll.
The gnoll is almost dead.
The gnoll hits you with a +0 spear. The gnoll misses you.
You take 6 damage, and have 43/49 hp.
You barely miss the gnoll.
The gnoll is almost dead.
The gnoll closely misses you.
You closely miss the gnoll.
The gnoll is almost dead.
The gnoll hits you with a +0 spear.
You take 1 damage, and have 42/49 hp.
You hit the gnoll.
You kill the gnoll!
Your Fighting skill increases to level 5!
You have reached level 5!
You regained 8 hp, and now have 50/57 hp.
MP restored: 8
Things that are here:
a +0 spear; a gnoll corpse A gnoll comes into view.
It is wielding a +0 spear.
The gnoll hits you from afar with a +0 spear.
You take 5 damage, and have 46/57 hp.
The gnoll hits you with a +0 spear!
You take 7 damage, and have 39/57 hp.
You hit the gnoll but do no damage. The gnoll hits you but does no damage.
You barely miss the gnoll. The gnoll hits you with a +0 spear.
The gnoll barely misses you.
You take 4 damage, and have 36/57 hp.
You hit the gnoll but do no damage. You drain the gnoll.
The gnoll is moderately wounded.
The gnoll barely misses you.
You barely miss the gnoll.
The gnoll is moderately wounded.
The gnoll hits you with a +0 spear.
You take 1 damage, and have 35/57 hp.
You hit the gnoll. You drain the gnoll.
You headbutt the gnoll, but do no damage.
The gnoll is almost dead.
The gnoll barely misses you.
You barely miss the gnoll. You headbutt the gnoll.
You kill the gnoll!
Training target 3.0 for Translocations reached!
Your Translocations skill increases to level 3!
Things that are here:
a +0 spear; a gnoll corpse
There is a stone staircase leading down here.
There is an open door here.
Found a stone staircase leading down.
Health restored: 57
There is an open door here.
There is a stone staircase leading down here.
Things that are here:
a +0 spear; a gnoll corpse A water moccasin comes into view.
Throw: 5 large rocks
Press: ? - help, Q - select action, (/) - cycle Shift-Dir - straight line, f - water moccasin
Aim: a water moccasin (32% to hit)
You throw a large rock. The large rock hits the water moccasin!
The water moccasin is heavily wounded.
The water moccasin barely misses you.
You closely miss the water moccasin.
Your headbutt misses the water moccasin.
The water moccasin is heavily wounded.
The water moccasin bites you!
You are poisoned.
The water moccasin poisons you! The water moccasin bites you!
You take 14 damage, and have 43/57 hp.
MASSIVE DAMAGE!!
You closely miss the water moccasin.
The water moccasin is heavily wounded.
You feel very sick. The water moccasin closely misses you.
You take 3 damage, and have 40/57 hp.
You barely miss the water moccasin.
Your headbutt misses the water moccasin.
The water moccasin is heavily wounded.
You feel sick.
The water moccasin bites you but does no damage.
The water moccasin bites you.
You take 4 damage, and have 36/57 hp.
You closely miss the water moccasin.
The water moccasin is heavily wounded.
You feel sick. The water moccasin bites you. x2
You take 9 damage, and have 27/57 hp.
You barely miss the water moccasin.
The water moccasin is heavily wounded.
You feel sick.
The water moccasin barely misses you. x2
You miss the water moccasin. You headbutt the water moccasin.
The water moccasin is severely wounded.
You feel sick. The water moccasin barely misses you.
The water moccasin closely misses you.
You take 2 damage, and have 25/57 hp.
You closely miss the water moccasin.
The water moccasin is severely wounded.
You feel sick. The water moccasin bites you.
You take 1 damage, and have 24/57 hp.
You hit the water moccasin.
The water moccasin is severely wounded.
You feel sick.
You are no longer poisoned.
The water moccasin closely misses you. The water moccasin bites you.
You take 2 damage, and have 22/57 hp.
You miss the water moccasin.
The water moccasin is severely wounded.
The water moccasin bites you.
* * * LOW HITPOINT WARNING * * *
You are lethally poisoned!
The water moccasin poisons you! The water moccasin barely misses you.
You take 6 damage, and have 16/57 hp.
You take a swig of the potion and twirl your +0 mace of draining.
You hit the water moccasin. Your punch misses the water moccasin.
The water moccasin is almost dead.
You savour every drop.
You feel better. The water moccasin bites you.
You are poisoned.
The water moccasin poisons you!
You regained 18 hp, and now have 34/57 hp.
You hit the water moccasin. You drain the water moccasin.
The water moccasin is almost dead.
You feel very sick. The water moccasin bites you. x2
You take 9 damage, and have 25/57 hp.
You barely miss the water moccasin.
Your headbutt misses the water moccasin.
The water moccasin is almost dead.
You feel very sick. The water moccasin bites you.
You take 4 damage, and have 21/57 hp.
You barely miss the water moccasin. You headbutt the water moccasin.
You kill the water moccasin!
You feel sick.
Your Fighting skill increases to level 6!
Your Maces & Flails skill increases to level 4!
You have reached level 6!
You feel stronger.
You regained 2 hp, and now have 23/67 hp.
MP restored: 9 You feel sick.
You take 2 damage, and have 21/67 hp.
You feel sick.
An orc wizard comes into view. It is wielding a +0 dagger.
You feel sick.
The orc wizard shouts!
The orc wizard gestures at you while chanting.
The puff of flame hits you!
* * * LOW HITPOINT WARNING * * *
You take 14 damage, and have 7/67 hp.
MASSIVE DAMAGE!!
You feel sick.
The orc wizard points at you and mumbles some strange words.
The puff of flame hits you!
You die...

#.'.♣....♣.<#
#.#[..##...##
#.##.#######
#######>##.##
##.......#...#
##..)######.♣.#
##)###.## #...#
###)##
##.#####<##
......).#
#.@...###
#.#####.##
##.###.#
##.###.## #.# #
##...## #.#
#.#.########.##
...
...........o.#
.###(
.#.##.g.##..#
#. .. #...##..#
# ##
.g...........#


You could see an orc wizard.

Vanquished Creatures
  A water moccasin (D:4)
  2 gnolls (D:4)
  3 adders
  2 worms
  3 dart slugs
  3 orcs (D:4)
  6 bats
  6 endoplasms
  5 giant cockroaches
  A goblin (D:1)
  3 hobgoblins
  7 kobolds
  5 quokkas
  7 ball pythons
  3 frilled lizards
  4 rats
61 creatures vanquished.

Notes
Turn   | Place    | Note
-------+----------+-------------------------------------------
     0 | D:1      | mdonais the Oni Warper began the quest for the Orb.
     0 | D:1      | Reached XP level 1. HP: 22/22 MP: 3/3
   229 | D:1      | Reached skill level 3 in Fighting
   260 | D:1      | Reached XP level 2. HP: 26/31 MP: 5/5
   650 | D:1      | Reached XP level 3. HP: 39/39 MP: 6/6
  1112 | D:2      | Reached skill level 4 in Fighting
  1340 | D:2      | Reached XP level 4. HP: 49/49 MP: 7/7
  1343 | D:2      | Learned a level 2 spell: Blink
  1451 | D:2      | Learned a level 3 spell: Teleport Other
  1492 | D:3      | Found Ceth's General Store.
  1500 | D:3      | Bought a potion of degeneration for 12 gold pieces
  1500 | D:3      | Bought a potion of curing for 36 gold pieces
  1514 | D:3      | Found Dicven's Antique Armour Emporium.
  1532 | D:3      | Found Emoruw's Weapon Emporium.
  1553 | D:3      | Found Esyrap's Book Boutique.
  1769 | D:3      | Found Oxatalic's Antique Weapon Boutique.
  1876 | D:3      | Found a faded altar of an unknown god.
  2257 | D:4      | Reached skill level 5 in Fighting
  2257 | D:4      | Reached XP level 5. HP: 50/57 MP: 8/8
  2374 | D:4      | Noticed a water moccasin
  2388 | D:4      | Killed a water moccasin
  2389 | D:4      | Reached skill level 6 in Fighting
  2389 | D:4      | Reached XP level 6. HP: 23/67 MP: 9/9
  2392 | D:4      | Killed from afar by an orc wizard

Illustrated notes

Levels and vault maps discovered:
D:1:      shiori_angband_town, layout_loops_ring, minmay_3d_cube
D:2:      layout_rooms
D:3:      layout_loops_ring, chequers_ecumenical_altar_island, serial_shops,
          shop, nicolae_shop_dealshenge, shop, nicolae_shop_tiny_statue_garden,
          shop
D:4:      layout_loops_ring, gammafunk_temple_overflow_arena,
          grunt_ministairs_5, minmay_a_box_with_orc_wizards_in_it

Skill      XL: |  1  2  3  4  5 |
---------------+----------------+-----
Fighting       | 3 4 5 6 |  6.2
Maces & Flails | 3 4 |  4.1
Translocations | 3 |  3.0
Throwing       | |  1.0
Dodging        | |  2.1
Spellcasting   | |  2.4

Action                     |  1- 3 |  4- 6 || total
---------------------------+-------+-------++-------
  Melee: Mace              |   102 |    64 ||   166
         Headbutt          |     8 |    12 ||    20
         Punch             |     1 |       ||     1
  Throw: Large rock        |       |     1 ||     1
    Use: Scroll            |       |     3 ||     3
         Potion            |       |     1 ||     1
   Stab: Sleeping          |       |     2 ||     2
 Armour: Robe              |    82 |    50 ||   132
  Dodge: Dodged            |    57 |    26 ||    83

Table legend: (Time is in decaauts)
 A = Elapsed time spent in this place.
 B = Non-inter-level travel time spent in this place.
 C = Inter-level travel time spent in this place.
 D = Time resting spent in this place.
 E = Time spent auto-exploring this place.
 F = Levels seen in this place.
 G = Mean time per level.
                   A        B        C        D        E       F      G
               +--------+--------+--------+--------+--------+-----+--------+
         Total |   2434 |   2266 |    168 |      0 |   1783 |   4 |  608.5 |
       Dungeon |   2434 |   2266 |    168 |      0 |   1783 |   4 |  608.5 |
               +--------+--------+--------+--------+--------+-----+--------+

Top non-repeatable levels by time:
     D:1: 1114 daAuts
     D:3: 671 daAuts
     D:2: 378 daAuts
     D:4: 269 daAuts
